 Dungeon Crawl Stone Soup version 0.30.0-15-g856e2d3f33 (webtiles) character file.

Game seed: 820615825421387322

551 Warped the Ruffian (level 7, 0/35 HPs)
             Began as a Vine Stalker Fighter on May 19, 2023.
             Was an Initiate of Cheibriados.
             Slain by a killer bee (1 damage)
             ... on level 5 of the Dungeon.
             The game lasted 00:08:42 (3745 turns).

Warped the Ruffian (Vine Stalker Fighter)           Turns: 3745, Time: 00:08:43

Health: 0/35       AC:  7    Str: 22    XL:     7   Next: 29%
Magic:  0/8        EV:  9    Int:  9    God:    Cheibriados [......]
Gold:   1140       SH:  4    Dex: 14    Spells: 6/6 levels left

rFire   . .          .
                       - Unarmed
rCold   . . .        b - +0 buckler
rNeg    . . .        a - +0 scale mail
rPois   .            (no helmet)
rElec   .            (no cloak)
rCorr   .            (no gloves)
SInv    .            u - +0 pair of boots
Will    .....        (no amulet) Stlth
                     (no ring)
HPRegen 1.05/turn    (no ring)
MPRegen 0.11/turn

%: guardian spirit
@: lethally poisoned (0 -> -1), about to teleport, very slow
A: fangs 2, regeneration 1, magic shield, antimagic bite, no potion heal 2
a: Renounce Religion


You were on level 5 of the Dungeon.
You worshipped Cheibriados.
Cheibriados was noncommittal.
You visited 2 branches of the dungeon, and saw 6 of its levels.

You collected 1140 gold pieces.

Inventory:

Hand Weapons
 g - a +0 short sword
 i - a +3 dagger of venom
 m - a +0 sling
 o - a +0 hand axe
 t - a +0 hand axe of venom
 y - a +2 short sword of venom
Missiles
 d - 5 boomerangs (quivered)
 k - 47 stones
 l - 5 poisoned darts
Armour
 a - a +0 scale mail (worn)
 b - a +0 buckler (worn)
 n - the +4 ring mail of Incorporation {*Slow MP+9 Str+2 Dex+5}
   (You found it on level 3 of the Dungeon)

   Str:       It affects your strength (+2).
   Dex:       It affects your dexterity (+5).
   MP:        It affects your magic capacity (+9).
   *Slow:     It may slow you when you take damage.
 u - a +0 pair of boots (worn)
Jewellery
 j - a ring of protection from fire
Wands
 q - a wand of charming (22)
Scrolls
 h - 2 scrolls of immolation
 r - 4 scrolls of identify
 v - a scroll of poison
 w - a scroll of blinking {unknown}
 B - a scroll of enchant weapon
 C - a scroll of amnesia
Potions
 c - 4 potions of might
 f - a potion of flight
 p - a potion of lignification
 x - 2 potions of cancellation {unknown}
 z - 2 potions of heal wounds {unknown}
 A - 2 potions of ambrosia {unknown}


   Skills:
 + Level 2.6 Fighting
 + Level 2.4 Armour
 + Level 2.7 Shields
 * Level 7.8 Unarmed Combat


You had 6 spell levels left.
You didn't know any spells.
Your spell library contained the following spells:

 Spells                   Type           Power      Damage    Failure   Level
 Apportation              Tloc           0%         N/A       78%         1
 Beastly Appendage        Tmut           0%         N/A       78%         1
 Sandblast                Erth           0%         2d4       78%         1
 Lesser Beckoning         Tloc           0%         N/A       89%         2
 Passwall                 Tmut/Erth      0%         N/A       89%         2
 Wereblood                Tmut           0%         N/A       89%         2
 Gell's Gravitas          Tloc           0%         N/A       98%         3
 Spider Form              Tmut/Pois      0%         N/A       98%         3
 Stone Arrow              Conj/Erth      0%         3d7       98%         3
 Teleport Other           Tloc           0%         N/A       98%         3
 Alistair's Intoxication  Tmut/Pois      0%         N/A       100%        5


Dungeon Overview and Level Annotations

Branches:
Dungeon (5/15)             Temple (1/1) D:4

Altars:
Cheibriados
Dithmenos
Fedhas
Gozag
Hepliaklqana
Kikubaaqudgha
Makhleb
Okawaru
Ru
Sif Muna
Trog
Uskayaw
Vehumet
Wu Jian
Xom
Yredelemnul
The Shining One

Shops:
D:2 (?[(


Innate Abilities, Weirdness & Mutations

You have extremely sharp teeth.
Your natural rate of healing is unusually fast.
When hurt, damage is shared between your health and your magic reserves.
Your bite disrupts and absorbs the magic of your enemies.
Potions cannot restore your health.


Message History

The killer bee attacks as you move away!
The killer bee stings you.
You feel sick. The killer bee stings you.
You are more poisoned.
The killer bee poisons you! The killer bee barely misses you.
Unknown command.
Your system rejects the healing.
You feel better.
The orc priest shouts!
The killer bee stings you!
* * * LOW HITPOINT WARNING * * *
The killer bee stings you!
* * * LOW HITPOINT WARNING * * *
The killer bee stings you but does no damage.
The killer bee stings you.
* * * LOW HITPOINT WARNING * * *
You are lethally poisoned!
The killer bee poisons you!
Okay, then.
As you read the scroll of teleportation, it crumbles to dust.
You feel strangely unstable.
* * * LOW HITPOINT WARNING * * *
You feel sick. You block the killer bee's attack.
The killer bee completely misses you.
The killer bee stings you but does no damage. x2
The orc wizard mumbles some strange words.
The orc wizard flickers and vanishes!
Deactivating autopickup; reactivate with Ctrl-A.
The orc shouts!
Okay, then.
Okay, then.
Aiming: Charm
Press: ? - help, Shift-Dir - straight line, f - killer bee
Aim: a killer bee (chance to affect: 57%)
The killer bee resists with significant effort.
* * * LOW HITPOINT WARNING * * *
You feel sick. The killer bee closely misses you. The killer bee stings you.
The killer bee stings you but does no damage. x2
Unknown command.
The killer bee attacks as you move away!
The killer bee stings you.
You die...

.O...........#.##....
#.........s.........
#.....y..o..#.###...
#...y......##.# #...
###.o.......##.†.
#..o#.§§.§o§.....
##y{O..≈≈≈§≈≈≈§≈.)
#yyy##.≈...§...≈.#
#@#.##.≈..≈≈≈≈.≈.#
####.#.#..≈.≈...≈.≈).
##.........≈.≈._.≈.≈..
##..........§.≈...≈....
#..........§§.≈≈≈≈≈.≈..
#......####.≈.......≈..
##..........≈≈≈≈≈≈§≈≈..
##########............
#............


You could see an ogre, a scorpion (wandering), 4 killer bees, an orc priest and
2 orcs.

Vanquished Creatures
  An ogre (D:3)
  A scorpion (D:5)
  A hound (D:4)
  A sleepcap (D:4)
  An iguana (D:4)
  An orc wizard (D:3)
  9 gnolls
  5 adders
  A shadow imp (D:4)
  2 worms
  4 dart slugs
  5 orcs
  7 ball pythons
  4 bats
  3 endoplasms
  A giant cockroach (D:3)
  6 goblins
  6 hobgoblins
  9 jackals
  7 kobolds
  4 quokkas
  6 frilled lizards
  7 rats
92 creatures vanquished.

Vanquished Creatures (collateral kills)
  A hound (D:5)
  2 gnolls
  An orc (D:5)
  A goblin (D:4)
5 creatures vanquished.

Vanquished Creatures (others)
  A water moccasin (D:4)
  A gnoll bouda (D:4)
  A white imp (D:5)
3 creatures vanquished.

Grand Total: 100 creatures vanquished

Notes
Turn   | Place    | Note
-------+----------+-------------------------------------------
     0 | D:1      | Warped the Vine Stalker Fighter began the quest for the
                  | Orb.
     0 | D:1      | Reached XP level 1. HP: 11/11 MP: 2/2
   122 | D:1      | Reached XP level 2. HP: 15/16 MP: 1/3
   331 | D:1      | Found a faded altar of an unknown god.
   338 | D:1      | Reached skill level 3 in Unarmed Combat
   636 | D:1      | Reached XP level 3. HP: 19/19 MP: 4/4
   748 | D:2      | Found Tyenore's Magic Scroll Emporium.
   777 | D:2      | Found Felyapt's Antique Weapon Boutique.
   909 | D:2      | Reached skill level 4 in Unarmed Combat
   957 | D:2      | Found Jiczerph's Weapon Shoppe.
   965 | D:2      | Found Isular's Armour Shop.
  1046 | D:2      | Found a hazy altar of Hepliaklqana.
  1126 | D:2      | You fall into a shaft and drop 1 floor!
  1205 | D:2      | Found Zetasaag's Assorted Antiques.
  1489 | D:3      | Gained mutation: Your natural rate of healing is unusually
                  | fast. [Vine Stalker growth]
  1489 | D:3      | Reached XP level 4. HP: 19/23 MP: 3/5
  1505 | D:3      | Noticed an ogre
  1515 | D:3      | Killed an ogre
  1516 | D:3      | Reached skill level 5 in Unarmed Combat
  1516 | D:3      | Reached XP level 5. HP: 21/27 MP: 6/6
  1610 | D:3      | Identified the +4 ring mail of Incorporation {*Slow MP+9
                  | Str+2 Dex+5}
  2234 | D:4      | Found a staircase to the Ecumenical Temple.
  2239 | Temple   | Entered the Ecumenical Temple
  2516 | D:4      | Reached skill level 6 in Unarmed Combat
  2532 | D:4      | Reached XP level 6. HP: 23/32 MP: 4/7
  2619 | D:4      | Noticed a water moccasin
  2759 | D:4      | Identified a scroll of acquirement
  2759 | D:4      | Acquired 943 gold pieces
  3042 | D:4      | Found a bloodstained altar of Trog.
  3299 | D:5      | Entered Level 5 of the Dungeon
  3355 | D:5      | Found an ancient bone altar of Kikubaaqudgha.
  3368 | D:5      | Reached skill level 7 in Unarmed Combat
  3383 | D:4      | Reached XP level 7. HP: 25/35 MP: 8/8
  3622 | D:5      | Found a snail-covered altar of Cheibriados.
  3635 | D:5      | Became a worshipper of Cheibriados the Contemplative
  3742 | D:5      | HP: 1/35 [killer bee (1)]
  3745 | D:5      | Slain by a killer bee

Illustrated notes

Levels and vault maps discovered:
D:1:      ldierk_walled_garden_2, layout_basic,
          nicolae_ecumenical_snake_handling, minmay_box_of_dots
D:2:      layout_basic, basic_altar, serial_shops, nicolae_shop_tiny_waterfront,
          nicolae_shop_overgrown_old_shop, shop, shop,
          nicolae_shop_bloodbath_and_beyond, moated_statue, serial_bayou_pond_a
D:3:      minmay_skewed_foursquare, layout_loops_ring
D:4:      layout_rooms, lightli_temple_of_fire,
          minmay_temple_entry_statues_pillars
D:5:      layout_rooms, mainiacjoe_overflow_concentric_impassable, slow_altar_1,
          serial_bayou_pond_c, palyth_stone_intersect,
          nicolae_elevator_lobby_asterisk
Temple:   minmay_temple_curvy_branch

Skill      XL: |  1  2  3  4  5  6 |
---------------+-------------------+-----
Unarmed Combat | 3 4 5 6 7 |  7.8
Fighting       | |  2.6
Armour         | |  2.4
Shields        | |  2.7

Action                     |  1- 3 |  4- 6 |  7- 9 || total
---------------------------+-------+-------+-------++-------
  Melee: Unarmed           |   146 |   161 |    22 ||   329
         Bite              |    25 |    43 |     4 ||    72
  Evoke: Wand              |       |     3 |     3 ||     6
    Use: Potion            |       |     1 |     1 ||     2
         Scroll            |       |     9 |     1 ||    10
 Armour: Scale mail        |    63 |    57 |    14 ||   134
  Dodge: Dodged            |    77 |    69 |    18 ||   164
  Block: Buckler           |    26 |    33 |     7 ||    66
